Unix NetHack Version 3.7.0-88 Work-in-progress - last build Aug 21 2023 04:08:40 (b68ccb3e4f8f5dcb83e1e40b1ff56e7dffd4cd28,branch:master). Game began 2023-08-24 21:09:37, ended 2023-08-25 15:53:19. horga, chaotic male elven Ranger ---- --- --@%| ------- ---- -- |..-- |.@@--- ---- -.....| ---..------------- |. |....---- |-....| |..--......|---|................|--------------|.-- -...)..| --...<.----...| .....|...|................|*.)|..|...|...|..|--- ---|......| |.......--...----....|...-..--|--.........|..+|..|...|...|..|..| |..|--...-- |-...................|...|..|...|..-----..|...|..|-|---|--......- |..| --..| |............----....---.-..|...|--|((.|..--|---|-............).. |..|---.-- --..............................|..|(.(-.............-----.-....-. |..--...| ---....................(...|---|.)|...|........+-...|...|...-...-.-.....--- --..........---..-----...|(((|.------..{...|..|...-...|.)|--...|...---- ----.......| ----|......|(((|.............|..|...|...|).|--........| --.......| |.|..|...|...|.+-.....---|.--.-..-----).-|......|...| --........-----.----...--|-|..|..[.-|...(..............|.....----.-- |...........--.............|.`|..|..|----...[-----.--.--.....| |..-- ---...--.---........|..#.....----..|..|...+..[.|......|..(....-- --..| |....----- |........|-....{...(.((.|..|.%.|....-.).._.|..^.---- --.-- |.....| ---.|....--..|....#.....--------(...|...(.[|...>| --..| --.|.-- ----.......|-........(.....[......|---------..| |...| ----- |.------------------------------ ---- --.-- --- --- Horga the Reconnoiterer St:17 Dx:13 Co:16 In:13 Wi:16 Ch:7 Chaotic Dlvl:6 $:17 HP:0(60) Pw:73(73) AC:-9 Xp:10/5759 T:15153 Burdened Latest messages: The ice-cold blade freezes the red naga! The red naga screams! "Halt! You're under arrest!" An angry guard is approaching! The red naga turns to flee. The red naga breathes fire! The blast of fire whizzes by you! The red naga breathes fire! The blast of fire whizzes by you! The ice-cold blade freezes the red naga! You kill the red naga! You have a little trouble lifting g - a puce potion. You see here a red naga corpse. Your movements are slowed slightly because of your load. There is a red naga corpse here; eat it? [ynq] (n) y This red naga corpse is tough. You stop eating the red naga corpse. There is a partly eaten red naga corpse here; eat it? [ynq] (n) y You resume your meal. The watch captain wields a silver saber! You stop eating the red naga corpse. The ice-cold blade freezes the watch captain! The watch captain swings her silver saber. The watch captain misses! The watch captain swings her silver saber. The watch captain hits! The watch captain swings his silver saber. The watch captain hits! The watch captain swings his silver saber. The watch captain misses! The watch captain swings her silver saber. The watch captain misses! The watch captain swings her silver saber. The watch captain misses! The watch captain swings his silver saber. The watch captain misses! The watch captain swings his silver saber. The watch captain hits! The watch captain swings his silver saber. The watch captain just misses! The watch captain swings his silver saber. The watch captain hits! The watch captain swings her silver saber. The watch captain hits! The watch captain swings her silver saber. The watch captain hits again! The watch captain swings his silver saber. The watch captain hits! You die... Do you want to see the dungeon overview? [ynq] (y) q Inventory: Coins $ - 17 gold pieces Weapons c - 46 blessed +2 elven arrows (in quiver) M - 6 uncursed poisoned +0 orcish arrows I - an uncursed +1 elven bow (alternate weapon; not wielded) A - the uncursed rustproof +0 Frost Brand (weapon in hand) Armor o - an uncursed +1 dwarvish iron helm (being worn) l - an uncursed burnt +0 pair of leather gloves (being worn) x - a blessed +2 pair of iron shoes (being worn) p - an uncursed +0 small shield (being worn) u - an uncursed +0 cloak of protection (being worn) t - an uncursed +0 elven mithril-coat (being worn) Comestibles Q - 2 uncursed food rations d - an uncursed tin of soup made from lichen L - an uncursed lizard corpse Potions g - an uncursed potion of gain level Rings f - an uncursed ring of fire resistance Wands W - an uncursed wand of light (0:15) Y - an uncursed wand of light (0:12) G - an uncursed wand of sleep named -1 (0:5) B - an uncursed wand of striking named -? (0:3) Tools b - a blessed bag of holding containing 86 items r - an uncursed leash a - a cursed magic lamp named bones (lit) z - a cursed magic marker named bones (0:60) w - an uncursed magic whistle s - an uncursed stethoscope P - an uncursed towel Gems/Stones K - an uncursed ruby H - an uncursed worthless piece of red glass v - an uncursed worthless piece of yellow glass n - a blessed luckstone Contents of the bag of holding: 722 gold pieces a cursed amulet of guarding named bones 3 blessed +3 arrows 29 uncursed +0 arrows 2 uncursed +2 elven arrows 4 uncursed +0 elven arrows an uncursed +0 pair of water walking boots a cursed +0 cloak of magic resistance named bones a cursed +0 cloak of magic resistance named bones an uncursed burnt +2 elven cloak a blessed +2 mummy wrapping an uncursed cram ration 4 uncursed food rations an uncursed lembas wafer an uncursed sprig of wolfsbane a cursed tin of hill orc meat 4 uncursed eggs an uncursed lichen corpse 2 uncursed scrolls of amnesia a cursed scroll of amnesia a cursed scroll of charging a blessed scroll of confuse monster a cursed scroll of confuse monster 3 uncursed scrolls of create monster a cursed scroll of create monster 2 uncursed scrolls of destroy armor 2 uncursed scrolls of earth an uncursed scroll of enchant weapon an uncursed scroll of food detection an uncursed scroll of genocide 2 uncursed scrolls of light a cursed scroll of light an uncursed scroll of magic mapping a cursed scroll of remove curse a blessed scroll of stinking cloud an uncursed scroll of taming 3 uncursed scrolls of teleportation an uncursed spellbook of create familiar an uncursed spellbook of dig an uncursed spellbook of knock an uncursed spellbook of light an uncursed spellbook of restore ability an uncursed potion of blindness a cursed potion of confusion a blessed potion of enlightenment a blessed potion of extra healing 2 uncursed potions of extra healing a cursed potion of extra healing a blessed potion of gain ability a cursed potion of hallucination a cursed potion of healing an uncursed potion of levitation a blessed potion of object detection a cursed potion of oil an uncursed potion of paralysis 2 cursed potions of paralysis a potion of holy water 2 uncursed potions of water a potion of unholy water a cursed ring of aggravate monster a cursed +3 ring of gain constitution named bones a cursed ring of hunger named cursed? an uncursed wand of create monster named empty (0:0) an uncursed wand of digging named -1 (0:6) an uncursed wand of polymorph named -1 (0:3) an uncursed wooden flute an uncursed oil lamp an uncursed agate stone an uncursed amber stone 2 uncursed amethyst stones an uncursed chrysoberyl stone an uncursed diamond an uncursed emerald an uncursed jade stone an uncursed jet stone an uncursed obsidian stone an uncursed opal an uncursed worthless piece of black glass 5 uncursed worthless pieces of blue glass 6 uncursed worthless pieces of green glass 3 uncursed worthless pieces of orange glass 2 uncursed worthless pieces of violet glass 4 uncursed worthless pieces of white glass 3 uncursed worthless pieces of yellow glass 2 cursed worthless pieces of yellow glass a cursed worthless piece of yellowish brown glass Horga the Ranger's attributes: Background: You were a Reconnoiterer, a level 10 male elven Ranger. You were chaotic, on a mission for Mars who was opposed by Mercury (lawful) and Venus (neutral). You were in the Gnomish Mines, on level 6. You entered the dungeon 15153 turns ago. You had 5759 experience points, 4241 more were needed to attain level 11. Basics: You had 0 out of 60 hit points. You had all 73 energy points (spell power). Your armor class was -9. Your wallet contained 17 zorkmids, and you had 722 more stashed away in your pack. Autopickup was on for '$?!/="*' plus thrown, with exceptions. Final Characteristics: Your strength was 17 (limit:18). Your dexterity was 13 (limit:18). Your constitution was 16 (limit:16). Your intelligence was 13 (limit:20). Your wisdom was 16 (limit:20). Your charisma was 7 (limit:18). Final Status: You were not hungry. You were burdened; movement was slightly slowed. You were wielding a long sword. You had basic skill with long sword. Final Attributes: You were piously aligned. You were cold resistant. Your items were protected from cold. You were sleep resistant. You were poison resistant. You were telepathic. You had automatic searching. You had infravision. You were stealthy. You had a small defense bonus (+3). You were protected. You were extremely lucky. You had extra luck. Good luck did not time out for you. You are dead. Miscellaneous: You encountered 1 bones level. Total elapsed playing time was 3 hours, 47 minutes and 21 seconds. Major events: Turn 1: horga the chaotic male elven Ranger entered the dungeon 1303: attained the rank of Lookout (level 3) 1423: entered the Gnomish Mines 2332: reached Mine Town 2806: was bestowed with Orcrist by Mars 5978: attained the rank of Trailblazer (level 6) 6341: entered Sokoban 6737: completed 1st Sokoban level 8272: was bestowed with Frost Brand by Mars 10318: destroyed nabru's ghost, the former Thaumaturge 10320: found Sting on the floor 11464: acquired the Mines' End luckstone 12408: was bestowed with Trollsbane by Mars 14087: attained the rank of Reconnoiterer (level 10) 15153: killed by a watch captain Vanquished creatures: 2 vampires a ghost an ettin mummy a quantum mechanic a large dog 2 flaming spheres a tiger an elf mummy a red naga a python a carnivorous ape 2 watchmen 3 chameleons a giant beetle 2 quivering blobs 2 cockatrices 4 winter wolf cubs 2 lynxes a gremlin a leprechaun an orc-captain 2 iron piercers 2 giant spiders a horse an ice vortex a black light 2 vampire bats an orc mummy 2 dwarf mummies an ogre 2 rust monsters a yeti 2 werewolves 3 lizards a dingo 3 dogs 2 housecats 3 jaguars 3 dwarf leaders 3 dust vortices 3 ravens 2 plains centaurs 5 gnome mummies a snake 2 apes 6 human zombies a rope golem a Woodland-elf 8 soldier ants a fire ant 2 imps 2 wood nymphs 23 Mordor orcs 2 Uruk-hai 6 rock piercers 4 rock moles 2 ponies 3 yellow lights 2 shriekers 14 gnome leaders 3 gnomish wizards 2 kobold mummies 4 gray oozes a barrow wight a ghoul a straw golem 8 giant ants a little dog 8 floating eyes 19 dwarves a homunculus a kobold leader a kobold shaman 7 hill orcs 3 rothes a centipede 3 giant bats 2 orc zombies 2 dwarf zombies a wererat 9 iguanas 17 killer bees an acid blob 3 coyotes 4 gas spores 7 hobbits 8 manes a large kobold 3 hobgoblins 5 giant rats 6 cave spiders a brown mold 3 green molds 2 red molds 60 gnomes 9 garter snakes 3 gnome zombies 11 geckos 12 jackals a fox 5 goblins 2 sewer rats 8 grid bugs 5 lichens 8 newts 422 creatures vanquished. No species were genocided or became extinct. Voluntary challenges: You read items or engraved 58 times. You engraved Elbereth 39 times. You never genocided any monsters. You never polymorphed an object. You never changed form. You used no wishes. You did not violate any of the special Sokoban rules. Achievements: You entered a shop. You attained the rank of Lookout. You entered the Gnomish Mines. You entered Minetown. You entered a temple. You attained the rank of Trailblazer. You entered Sokoban. You completed the Gnomish Mines. You attained the rank of Reconnoiterer. The Dungeons of Doom: levels 1 to 8 Level 1: A fountain. Level 2: An armor shop, a fountain, a sink. Level 3: A fountain. Stairs down to The Gnomish Mines. Level 4: "vault" Level 5: Level 6: A fountain, a sink. Level 7: "oracle" Level 8: Some fountains. Stairs up to Sokoban, level 7. The Gnomish Mines: levels 4 to 12 Level 4: Level 5: Level 6: <- You were here. Many shops, a temple to Mars, some fountains, some trees. Final resting place for you, killed by a watch captain. Level 7: Level 8: "black uni" Level 9: Level 10: Level 11: A grave. Final resting place for nabru-Wiz-Elf-Fem-Cha, killed by a soldier ant. Level 12: A fountain. Sokoban: levels 7 up to 6 Level 6: Unsolved. Level 7: Solved. Game over: ---------- / \ / REST \ / IN \ / PEACE \ / \ | horga | | 739 Au | | killed by a | | watch captain | | | | | | 2023 | *| * * * | * _________)/\\_//(\/(/\)/\//\/|_)_______ Goodbye horga the Ranger... You died in The Gnomish Mines on dungeon level 6 with 25162 points, and 739 pieces of gold, after 15153 moves. You were level 10 with a maximum of 60 hit points when you died.